Map: [ESL] Tropical Sacrifice

Players

Elazer

  • Race: Zerg Zerg
  • Spawn Location: 7:00

SKillous - Winner!

  • Race: Protoss Protoss
  • Spawn Location: 1:00

Event: DreamHack SC2 Masters 2022 Atlanta (Online)

VOD

Have the link to the VOD?

Description

Time

  • Played on: Oct. 11, 2022, 11:11 a.m.
  • Length: 19:34

All games in this series

Show
View Real Time Build Order
Export as new Build Order

Elazer Zerg 

Build Orders: Hatch First 

Get SALT Encoding   

  12  0:00  Drone  
  13  0:13  Overlord  
  13  0:17  Drone  
  14  0:31  Drone x2  
  16  0:50  Hatchery  
  16  0:52  Drone  
  16  0:56  Drone  
  17  0:59  Drone  
  18  1:10  Extractor  
  17  1:15  Spawning Pool  
  16  1:18  Drone  
  16  1:21  Drone  
  18  1:29  Drone  
  19  1:40  Drone  
  20  1:51  Overlord  
  20  2:01  Queen x2  
  20  2:02  Zergling x2, Drone  
  26  2:12  Zergling x2  
  26  2:13  Drone  
  26  2:14  Metabolic Boost  
  28  2:22  Drone  
  29  2:23  Drone  
  30  2:33  Drone  
  30  2:34  Drone  
  32  2:41  Queen  
  34  2:48  Drone, Overlord  
  35  2:55  Hatchery  
  34  3:02  Queen  
  36  3:09  Spore Crawler  
  36  3:13  Drone x5  
  36  3:17  Drone  
  42  3:21  Queen  
  42  3:25  Overlord  
  44  3:29  Overlord  
  44  3:40  Overlord  
  44  3:48  Drone x7  
  51  3:53  Queen  
  51  3:54  Spore Crawler  
  52  3:59  Drone x3  
  52  4:00  Drone  
  56  4:06  Queen  
  56  4:09  Drone  
  59  4:10  Overlord  
  59  4:16  Drone x4  
  63  4:21  Zergling x4  
  65  4:24  Zergling x2  
  65  4:29  Zergling x8  
  70  4:32  Overlord  
  70  4:33  Drone  
  71  4:45  Drone x3  
  71  4:53  Drone x4  
  71  4:58  Drone  
  75  5:01  Drone x4  
  75  5:06  Lair, Overlord  
  79  5:09  Drone  
  79  5:13  Extractor  
  79  5:14  Drone x3, Extractor, Evolution Chamber  
  79  5:15  Drone  
  79  5:16  Drone, Hatchery  
  79  5:18  Drone x2  
  83  5:22  Drone x2  
  83  5:23  Extractor  
  83  5:24  Drone  
  83  5:27  Overlord  
  85  5:32  Overlord  
  85  5:36  Zergling x2  
  85  5:40  Zergling x8, Zerg Melee Weapons Level 1  
  90  5:45  Zergling x14  
  97  5:52  Overlord  
  97  6:00  Overlord  
  97  6:04  Baneling Nest, Roach Warren  
  97  6:05  Hatchery  
  97  6:06  Hatchery  
  97  6:10  Zergling x14  
  100  6:12  Overseer  
  100  6:14  Overlord  
  100  6:16  Zergling x8  
  100  6:17  Zergling x4  
  105  6:24  Overlord  
  105  6:33  Zergling x6  
  107  6:41  Overlord  
  107  6:45  Glial Reconstitution  
  107  6:46  Zergling x20  
  117  6:52  Centrifugal Hooks, Overlord  
  117  7:01  Overseer, Roach x3  
  121  7:06  Roach x5  
  131  7:13  Roach x7  
  139  7:23  Drone x5  
  139  7:28  Drone  
  143  7:33  Overlord  
  143  7:34  Drone x4  
  143  7:35  Drone  
  139  7:45  Roach, Overlord  
  139  7:46  Roach x5  
  139  7:50  Zerg Melee Weapons Level 2  
  151  7:53  Overlord  
  151  7:57  Overlord x3  
  151  8:07  Drone x8  
  151  8:12  Baneling x12  
  159  8:13  Zergling x10  
  159  8:19  Spore Crawler  
  163  8:20  Spore Crawler, Zergling x2  
  163  8:21  Zergling x10  
  168  8:28  Overlord  
  165  8:34  Baneling x7  
  165  8:35  Baneling x10  
  165  8:36  Zergling x20  
  168  8:46  Zergling x18  
  177  8:53  Drone x5  
  164  9:04  Roach x8  
  166  9:15  Zergling x2  
  166  9:16  Zergling x10  
  155  9:23  Zergling x10  
  142  9:26  Zergling x2  
  142  9:27  Zergling x6  
  137  9:35  Zergling x8  
  141  9:41  Pneumatized Carapace  
  141  9:43  Zergling x4  
  141  9:44  Roach  
  141  9:45  Roach  
  147  9:50  Drone x3  
  147  9:52  Drone  
  151  9:58  Zergling x4  
  151  9:59  Roach x6, Ravager  
  166  10:00  Hatchery  
  166  10:07  Zergling x18  
  168  10:11  Zerg Missile Weapons Level 1  
  175  10:14  Zergling x8  
  175  10:19  Drone x2, Spine Crawler  
  179  10:22  Overlord  
  179  10:25  Zergling x14  
  186  10:39  Baneling x21  
  186  10:40  Baneling x4  
  186  10:41  Zergling x14  
  186  10:42  Zergling x12  
  197  10:47  Overlord x2  
  193  11:00  Baneling x7  
  193  11:01  Baneling x6  
  193  11:03  Hatchery  
  192  11:10  Zergling x16  
  183  11:27  Infestation Pit  
  182  11:36  Drone x2, Spine Crawler  
  182  11:37  Drone x2  
  182  11:38  Spine Crawler  
  182  11:39  Spine Crawler x2  
  177  11:42  Drone x7  
  177  11:43  Drone  
  177  11:44  Zergling x6  
  177  11:45  Zergling x14  
  179  11:48  Drone  
  179  11:49  Drone x2, Extractor  
  179  11:52  Extractor  
  179  11:53  Drone x2  
  179  11:54  Drone  
  183  11:57  Drone x7  
  190  12:03  Hive  
  190  12:05  Spore Crawler, Spine Crawler x3  
  186  12:12  Zerg Missile Weapons Level 2  
  186  12:15  Overseer  
  186  12:16  Roach x5  
  186  12:18  Zergling x6  
  197  12:42  Baneling x2  
  197  12:43  Baneling x8  
  197  12:44  Baneling x13  
  195  12:46  Zergling x10  
  195  12:49  Baneling x2  
  195  12:50  Baneling x7  
  196  13:08  Baneling x11  
  196  13:13  Spine Crawler x2  
  196  13:14  Spine Crawler  
  196  13:15  Spine Crawler  
  196  13:16  Zergling x22  
  189  13:25  Roach x2  
  189  13:26  Roach x9  
  194  13:37  Ravager  
  181  13:41  Zergling x2  
  181  13:42  Zergling x50  
  181  13:47  Roach x3  
  175  13:52  Roach x2  
  159  14:02  Roach x4  
  166  14:04  Ravager  
  166  14:06  Baneling x5  
  166  14:07  Baneling x8  
  166  14:08  Zergling x8  
  169  14:15  Zergling x20  
  178  14:18  Adrenal Glands  
  177  14:27  Zergling x2  
  177  14:28  Zergling x22  
  189  14:31  Zerg Melee Weapons Level 3  
  189  14:32  Overlord  
  188  14:40  Zergling x10  
  193  14:47  Baneling x3  
  193  14:48  Baneling x7  
  193  14:50  Overseer  
  188  15:06  Extractor  
  188  15:07  Drone x15, Extractor  
  200  15:16  Spine Crawler  
  200  15:18  Spine Crawler  
  197  15:26  Spire  
  195  15:29  Overseer  
  195  15:33  Zergling x8  
  199  15:44  Spore Crawler  
  199  15:46  Spore Crawler  
  199  15:48  Baneling x9  
  199  15:49  Baneling x15  
  197  15:59  Spine Crawler x2  
  195  16:35  Baneling x10  
  195  16:36  Baneling x18  
  191  16:45  Roach x2  
  195  16:51  Greater Spire  
  195  16:53  Overlord  
  195  17:11  Pathogen Glands  
  194  17:35  Zergling x10  
  173  17:52  Roach x4  
  173  17:53  Roach x15  
  173  17:54  Roach  
  173  17:55  Roach x4  
  195  18:04  Zergling x8  
  181  18:12  Overlord  
  181  18:13  Overlord x3  
  170  18:25  Queen x2  
  149  18:29  Zergling x2  
  149  18:30  Zergling x40  
  136  18:38  Roach x27  
  172  18:42  Overlord x4  
  172  18:43  Overlord  
  170  18:55  Queen  
  163  18:56  Queen  
  163  18:57  Zergling x2  
  163  18:58  Zergling x14  
  163  19:00  Zergling x2  
  163  19:01  Zergling x12  
  149  19:07  Zergling x16  
  143  19:15  Zergling x10  
Show
View Real Time Build Order
Export as new Build Order

SKillous Protoss - Winner!

Build Orders: 1 Gate Expand, Oracle Opening 

Get SALT Encoding   

  12  0:00  Probe  
  13  0:15  Pylon  
  13  0:17  Probe (Chrono Boost)  
  14  0:27  Probe (Chrono Boost)  
  15  0:32  Probe (Chrono Boost)  
  16  0:42  Gateway  
  16  0:44  Probe  
  16  0:48  Assimilator  
  17  0:56  Probe  
  18  1:08  Probe  
  19  1:20  Probe  
  20  1:27  Nexus  
  20  1:37  Cybernetics Core  
  20  1:41  Probe  
  21  1:47  Assimilator  
  21  1:53  Probe  
  22  1:56  Pylon  
  22  2:05  Probe  
  23  2:12  Adept (Chrono Boost)  
  25  2:16  Warp Gate  
  25  2:17  Probe (Chrono Boost)  
  26  2:27  Stargate  
  26  2:29  Probe (Chrono Boost)  
  27  2:34  Probe (Chrono Boost)  
  28  2:37  Pylon  
  28  2:41  Probe (Chrono Boost)  
  28  2:43  Stalker  
  30  2:51  Probe x2 (Chrono Boost)  
  32  2:56  Probe  
  33  2:58  Probe  
  34  3:08  Oracle (Chrono Boost), Probe  
  34  3:10  Probe  
  39  3:15  Gateway  
  39  3:20  Probe  
  39  3:21  Pylon  
  39  3:25  Adept  
  42  3:27  Probe  
  42  3:33  Probe  
  44  3:39  Oracle  
  48  3:42  Probe (Chrono Boost)  
  48  3:45  Probe (Chrono Boost)  
  49  3:55  Probe (Chrono Boost)  
  51  3:56  Probe (Chrono Boost), Pylon  
  51  4:04  Probe  
  51  4:05  Nexus  
  51  4:07  Probe  
  53  4:14  Pylon  
  53  4:15  Adept  
  53  4:16  Adept  
  57  4:18  Probe  
  57  4:20  Oracle (Chrono Boost)  
  61  4:24  Probe  
  61  4:28  Assimilator  
  62  4:32  Probe, Assimilator  
  62  4:37  Shield Battery, Probe  
  64  4:41  Twilight Council  
  64  4:44  Probe  
  65  4:54  Probe  
  65  4:55  Adept  
  65  4:57  Pylon  
  60  5:01  Gateway  
  60  5:02  Gateway  
  60  5:04  Probe (Chrono Boost)  
  60  5:06  Probe (Chrono Boost)  
  62  5:12  Stalker  
  65  5:15  Stalker  
  65  5:17  Probe (Chrono Boost)  
  65  5:18  Probe (Chrono Boost), Blink (Chrono Boost)  
  69  5:21  Probe (Chrono Boost)  
  69  5:23  Probe (Chrono Boost)  
  69  5:26  Forge  
  71  5:29  Probe (Chrono Boost)  
  71  5:32  Probe (Chrono Boost)  
  71  5:33  Robotics Facility  
  73  5:41  Probe (Chrono Boost)  
  75  5:43  Probe (Chrono Boost), Pylon  
  75  5:44  Probe (Chrono Boost), Stalker  
  75  5:48  Probe x2 (Chrono Boost), Stalker  
  81  5:52  Probe  
  81  5:55  Protoss Ground Weapons Level 1 (Chrono Boost)  
  81  5:56  Stalker  
  84  6:02  Stalker  
  88  6:09  Gateway  
  88  6:11  Gateway  
  86  6:12  Gateway  
  86  6:14  Gateway  
  86  6:17  Photon Cannon  
  86  6:21  Assimilator  
  86  6:23  Assimilator  
  86  6:25  Observer (Chrono Boost)  
  87  6:26  Stalker  
  87  6:27  Stalker x2  
  93  6:33  Probe x2  
  93  6:34  Probe  
  96  6:41  Gateway  
  96  6:42  Gateway  
  96  6:44  Pylon  
  96  6:45  Probe  
  96  6:46  Probe  
  98  6:47  Stalker  
  98  6:50  Pylon  
  100  6:56  Pylon  
  101  7:02  Warp Prism  
  101  7:03  Probe  
  101  7:04  Probe  
  101  7:06  Charge  
  104  7:09  Zealot x2  
  104  7:10  Zealot x3  
  114  7:17  Pylon  
  110  7:27  Stalker  
  110  7:29  Shield Battery  
  110  7:32  Zealot x5  
  116  7:44  Templar Archives  
  116  7:46  Probe  
  116  7:50  Sentry  
  116  7:51  Sentry  
  121  7:52  Immortal (Chrono Boost)  
  121  7:58  Nexus, Pylon  
  125  7:59  Phoenix (Chrono Boost)  
  125  8:00  Protoss Ground Weapons Level 2 (Chrono Boost)  
  127  8:08  Pylon  
  127  8:11  Shield Battery  
  127  8:15  Probe  
  127  8:17  Pylon  
  128  8:20  Shield Battery  
  128  8:21  High Templar x3  
  128  8:23  Shield Battery, High Templar  
  128  8:25  Archon, Pylon  
  136  8:27  Archon  
  136  8:28  High Templar  
  136  8:29  High Templar, Pylon  
  140  8:34  Immortal  
  144  8:45  Probe x2  
  144  8:46  Zealot x2  
  143  8:49  Archon  
  133  9:05  Stalker x8  
  132  9:15  Probe  
  119  9:23  Probe  
  109  9:28  Stalker  
  109  9:29  Stalker x3  
  115  9:33  Nexus  
  115  9:36  Probe, Pylon  
  116  9:40  High Templar x3  
  122  9:47  Archon  
  122  9:48  High Templar  
  122  9:51  Probe  
  125  9:54  Shield Battery, Assimilator  
  125  9:55  Assimilator  
  125  9:56  Shield Battery, Archon  
  125  9:58  Shield Battery  
  125  10:04  Zealot x4  
  125  10:05  Probe  
  134  10:12  High Templar x2  
  138  10:17  Probe  
  138  10:19  Probe, Photon Cannon  
  140  10:22  Zealot x2  
  144  10:28  Archon  
  144  10:29  Stalker x2  
  148  10:36  High Templar x2  
  148  10:37  Immortal (Chrono Boost)  
  148  10:40  Archon  
  148  10:41  Probe  
  145  10:58  Gateway, High Templar x2  
  145  10:59  Zealot x4  
  157  11:10  Immortal (Chrono Boost), High Templar x2  
  157  11:11  Archon  
  161  11:18  Archon  
  165  11:24  Probe  
  148  11:30  Protoss Ground Weapons Level 3 (Chrono Boost)  
  148  11:34  Probe  
  148  11:36  Zealot  
  148  11:37  Probe  
  148  11:38  Probe x2  
  152  11:42  Immortal (Chrono Boost)  
  152  11:46  Probe  
  147  11:49  High Templar x2  
  147  11:50  Probe  
  147  11:54  Pylon  
  152  11:59  Gateway  
  152  12:00  Pylon  
  152  12:03  Archon  
  152  12:04  High Templar  
  152  12:05  Observer, High Templar  
  156  12:09  Archon  
  156  12:10  Zealot x4, Warp Prism (Chrono Boost)  
  166  12:17  Probe  
  166  12:18  Probe  
  166  12:21  High Templar  
  170  12:23  Pylon  
  170  12:24  High Templar  
  170  12:25  Stalker  
  170  12:29  Archon  
  174  12:33  Probe  
  171  12:40  High Templar  
  171  12:41  High Templar  
  171  12:42  Zealot x4  
  181  12:45  Archon  
  179  12:59  High Templar  
  179  13:00  High Templar x3  
  179  13:04  Archon x2  
  179  13:05  Zealot x4  
  189  13:14  Stalker x2  
  189  13:17  Nexus  
  189  13:19  Pylon  
  187  13:26  Zealot x4  
  191  13:34  Pylon  
  186  13:45  Stalker  
  186  13:46  High Templar x3  
  186  13:48  Zealot x3, High Templar  
  150  13:50  Archon  
  148  13:56  Archon  
  133  14:09  Probe  
  127  14:10  Probe x2  
  127  14:11  Protoss Ground Armor Level 1 (Chrono Boost)  
  127  14:12  High Templar x3  
  127  14:13  High Templar  
  127  14:16  Archon x2  
  134  14:22  High Templar  
  134  14:23  Probe, High Templar  
  134  14:24  Probe  
  138  14:26  Archon  
  138  14:27  Zealot x2  
  142  14:34  Nexus  
  142  14:45  High Templar  
  142  14:46  Sentry, High Templar  
  142  14:47  Pylon  
  142  14:48  Pylon  
  148  14:53  Shield Battery  
  148  14:54  Archon  
  148  14:55  Shield Battery  
  148  14:57  Shield Battery  
  148  14:58  High Templar x2  
  148  14:59  Shield Battery  
  150  15:05  Archon  
  148  15:09  Probe  
  149  15:14  High Templar x2  
  149  15:15  Zealot x4  
  149  15:18  Archon  
  160  15:28  Shield Battery  
  160  15:32  High Templar x2  
  160  15:33  Stalker x2  
  168  15:36  Archon  
  168  15:41  Assimilator  
  168  15:43  Photon Cannon  
  168  15:44  Photon Cannon  
  168  15:46  Assimilator  
  168  15:47  Photon Cannon  
  168  15:48  Shield Battery  
  168  15:50  High Templar x2, Pylon  
  168  15:51  Pylon  
  168  15:54  Psionic Storm  
  168  15:55  Archon  
  172  15:59  Stalker  
  166  16:07  Zealot x3, High Templar x2  
  166  16:08  Zealot x2  
  166  16:11  Archon, Gateway  
  180  16:17  Photon Cannon  
  178  16:19  Photon Cannon  
  178  16:21  Pylon  
  178  16:34  Zealot x4  
  178  16:35  Zealot x2  
  190  16:47  Protoss Shields Level 1, High Templar x2  
  190  16:48  High Templar  
  190  16:52  Warp Prism (Chrono Boost)  
  190  16:53  High Templar  
  198  16:56  Photon Cannon  
  198  16:58  Pylon  
  200  17:03  Pylon  
  200  17:12  Gateway  
  200  17:13  Gateway  
  198  17:41  Stalker  
  188  17:54  Archon  
  188  17:56  Zealot x10  
  168  18:14  Zealot x3  
  136  18:27  Stalker x10  
  125  18:50  Zealot x3  
  125  18:56  Zealot x7  
  125  18:57  Zealot x6  
  133  19:09  Probe  
  127  19:10  Probe  
  119  19:17  High Templar x3  
  119  19:18  High Templar x5  
  119  19:19  High Templar x5  
  119  19:22  Archon x4  
  119  19:23  Archon  
Tags
 
Add a new tag
Caveats
  • Supply blocks, unpowered buildings, or Contaminate may cause inaccurate times.
  • Supply counts are checked every 10 seconds.